Map: [ESL] Dragon Scales

Players

MaxPax

  • Race: Protoss Protoss
  • Spawn Location: 5:00

Reynor - Winner!

  • Race: Zerg Zerg
  • Spawn Location: 11:00

Event: ESL SC2 Masters 2023 Summer (Regionals)

VOD

Have the link to the VOD?

Description

Time

  • Played on: May 11, 2023, 12:21 p.m.
  • Length: 12:05

All games in this series

Show
View Real Time Build Order
Export as new Build Order

MaxPax Protoss 

Build Orders: 1 Gate Expand, Mass Adepts 

Get SALT Encoding   

  12  0:00  Probe  
  13  0:12  Probe  
  14  0:20  Pylon  
  14  0:24  Probe  
  15  0:39  Probe (Chrono Boost)  
  15  0:42  Gateway  
  16  0:47  Probe (Chrono Boost)  
  16  0:49  Assimilator  
  17  0:53  Probe  
  18  1:05  Probe  
  19  1:17  Probe  
  20  1:26  Nexus  
  20  1:36  Cybernetics Core  
  20  1:38  Probe  
  21  1:44  Assimilator  
  21  1:50  Probe  
  22  1:54  Pylon  
  22  2:02  Probe  
  23  2:09  Adept (Chrono Boost)  
  23  2:12  Warp Gate  
  23  2:14  Probe  
  26  2:22  Twilight Council  
  26  2:26  Probe (Chrono Boost)  
  27  2:32  Stalker  
  30  2:38  Probe (Chrono Boost)  
  30  2:41  Probe (Chrono Boost)  
  32  2:47  Probe (Chrono Boost)  
  32  2:48  Probe (Chrono Boost)  
  33  2:53  Probe  
  33  2:54  Probe  
  33  2:57  Gateway  
  35  3:05  Probe  
  36  3:06  Probe  
  36  3:08  Gateway  
  37  3:16  Resonating Glaives (Chrono Boost)  
  37  3:17  Probe  
  37  3:18  Probe  
  39  3:24  Adept  
  41  3:29  Probe  
  41  3:30  Probe  
  41  3:31  Robotics Facility  
  43  3:35  Pylon  
  43  3:41  Probe, Assimilator  
  43  3:42  Probe  
  45  3:52  Pylon  
  45  3:53  Probe  
  45  3:54  Probe  
  47  4:02  Adept x3  
  53  4:13  Probe  
  53  4:14  Warp Prism (Chrono Boost)  
  53  4:16  Assimilator  
  55  4:20  Robotics Bay  
  55  4:22  Pylon  
  56  4:24  Pylon  
  56  4:28  Adept x2  
  56  4:29  Adept  
  62  4:38  Pylon  
  62  4:40  Probe x2  
  65  4:45  Observer  
  65  4:53  Adept x3  
  65  4:57  Pylon  
  69  5:04  Disruptor (Chrono Boost)  
  69  5:05  Probe  
  70  5:08  Gravitic Drive  
  70  5:09  Probe  
  70  5:11  Pylon  
  74  5:18  Adept x3  
  79  5:31  Disruptor (Chrono Boost)  
  79  5:37  Nexus  
  79  5:41  Blink (Chrono Boost)  
  79  5:42  Probe x2  
  79  5:44  Pylon  
  79  6:01  Forge  
  79  6:02  Gateway  
  80  6:05  Stalker x2  
  80  6:09  Probe  
  84  6:11  Stalker  
  84  6:12  Probe  
  87  6:21  Probe  
  87  6:24  Probe  
  89  6:31  Protoss Ground Weapons Level 1 (Chrono Boost)  
  89  6:33  Probe  
  89  6:36  Probe  
  89  6:37  Pylon, Gateway x2  
  87  6:42  Adept x2  
  87  6:45  Probe  
  85  6:49  Probe  
  85  6:50  Probe, Stalker  
  89  6:58  Probe  
  89  7:01  Probe  
  91  7:02  Probe  
  91  7:04  Stalker x3  
  98  7:11  Pylon  
  98  7:13  Pylon, Forge  
  98  7:14  Probe  
  98  7:15  Probe x2  
  101  7:24  Stalker  
  101  7:26  Probe  
  101  7:27  Probe x2  
  102  7:34  Stalker x3  
  102  7:38  Probe  
  102  7:39  Probe x2  
  101  7:47  Shield Battery  
  101  7:50  Probe  
  100  7:51  Charge, Stalker  
  100  7:52  Pylon, Stalker x2  
  100  7:55  Protoss Ground Armor Level 1 (Chrono Boost)  
  106  8:01  Stalker x2, Photon Cannon  
  106  8:02  Stalker  
  112  8:09  Observer  
  111  8:19  Stalker x4  
  119  8:20  Nexus  
  113  8:33  Stalker x2  
  105  8:41  Assimilator  
  105  8:42  Probe x2, Assimilator  
  105  8:47  Gateway  
  107  8:48  Gateway, Photon Cannon  
  107  8:52  Pylon, Protoss Ground Weapons Level 2 (Chrono Boost)  
  107  8:54  Stalker x2  
  107  8:55  Stalker  
  110  9:10  Stalker  
  110  9:11  Stalker x2  
  110  9:12  Nexus  
  116  9:19  Photon Cannon  
  116  9:20  Shield Battery  
  116  9:22  Pylon, Stalker x2  
  120  9:26  Observer  
  120  9:37  Stalker x4  
  128  9:41  Observer  
  128  9:42  Stalker x2  
  128  9:44  Shield Battery  
  132  9:48  Adept x2  
  132  9:52  Protoss Ground Armor Level 2 (Chrono Boost)  
  134  10:06  Zealot x4  
  142  10:11  Probe  
  142  10:14  Probe  
  142  10:15  Probe  
  142  10:20  Adept  
  146  10:23  Probe  
  146  10:25  Templar Archives  
  146  10:26  Probe  
  146  10:27  Probe, Assimilator  
  149  10:31  Zealot x4  
  149  10:33  Assimilator  
  149  10:34  Probe  
  156  10:45  Stalker x4  
  158  11:00  Probe  
  158  11:01  Pylon  
  158  11:03  Observer  
  142  11:15  Stalker x6  
  142  11:16  Stalker x2  
  142  11:18  Probe x2  
  159  11:26  Gateway  
  159  11:28  Gateway  
  159  11:33  Photon Cannon  
  160  11:42  High Templar x3  
  160  11:43  High Templar x3  
  160  11:46  Zealot x2  
  176  11:47  Photon Cannon  
  176  11:48  Archon x2  
  176  11:49  Archon  
Show
View Real Time Build Order
Export as new Build Order

Reynor Zerg - Winner!

Build Orders: Hatch First, Lurkers 

Get SALT Encoding   

  12  0:00  Drone  
  13  0:07  Drone  
  13  0:13  Extractor  
  13  0:14  Drone  
  15  0:37  Hatchery  
  15  0:41  Extractor  
  15  0:42  Drone  
  15  0:56  Spawning Pool  
  14  1:03  Overlord  
  14  1:09  Extractor, Drone  
  15  1:21  Drone  
  15  1:22  Drone  
  15  1:23  Extractor  
  15  1:25  Drone  
  17  1:37  Drone  
  18  1:43  Queen  
  20  1:48  Drone  
  20  1:50  Queen  
  23  1:55  Drone  
  23  1:59  Drone  
  25  2:05  Overlord  
  25  2:08  Drone  
  25  2:12  Drone  
  27  2:19  Drone  
  28  2:23  Drone  
  29  2:30  Metabolic Boost  
  29  2:32  Drone x2  
  31  2:41  Zergling x2  
  32  2:47  Hatchery  
  32  2:49  Zergling x2  
  32  2:51  Drone  
  32  2:56  Overlord  
  33  2:59  Drone  
  33  3:00  Drone  
  33  3:03  Drone  
  36  3:09  Overlord  
  36  3:14  Queen  
  36  3:17  Queen  
  36  3:19  Drone  
  41  3:22  Drone  
  41  3:23  Drone  
  43  3:28  Drone x3  
  43  3:33  Overlord  
  46  3:38  Drone x3  
  46  3:40  Drone  
  50  3:45  Zergling x2  
  50  3:48  Zergling x2  
  52  3:49  Roach Warren  
  52  3:53  Queen  
  53  3:56  Zergling x4  
  53  4:00  Extractor  
  53  4:02  Overlord  
  54  4:06  Zergling x6  
  57  4:14  Overlord  
  57  4:20  Drone  
  57  4:28  Roach x3  
  57  4:29  Roach x2  
  67  4:31  Drone x3  
  67  4:32  Drone  
  67  4:34  Overlord  
  67  4:35  Drone x2  
  73  4:40  Drone  
  73  4:43  Drone x2  
  73  4:44  Drone  
  77  4:50  Spore Crawler  
  75  4:54  Roach x2  
  75  4:55  Roach  
  78  5:06  Roach  
  80  5:07  Roach  
  80  5:09  Drone, Lair  
  80  5:10  Overlord  
  80  5:11  Drone x2  
  80  5:12  Spore Crawler  
  80  5:13  Drone  
  85  5:14  Drone  
  85  5:15  Drone  
  85  5:19  Overlord  
  85  5:20  Spore Crawler  
  86  5:22  Drone x2  
  86  5:24  Drone  
  86  5:26  Drone  
  87  5:29  Drone x2  
  87  5:32  Overlord  
  86  5:36  Drone  
  86  5:39  Drone x2  
  86  5:40  Evolution Chamber  
  86  5:41  Drone  
  86  5:42  Drone  
  90  5:44  Overlord  
  90  5:48  Drone  
  91  5:50  Overlord  
  91  5:51  Drone x2  
  93  5:59  Extractor, Drone x2  
  93  6:00  Extractor  
  93  6:01  Roach  
  93  6:02  Roach  
  97  6:07  Zerg Melee Weapons Level 1, Glial Reconstitution  
  97  6:09  Drone  
  97  6:10  Roach x3  
  104  6:12  Overlord  
  104  6:15  Roach  
  104  6:18  Roach, Zergling x6  
  109  6:21  Zergling x6  
  114  6:27  Overlord  
  110  6:34  Drone x3  
  110  6:38  Drone  
  114  6:40  Overlord  
  114  6:42  Drone  
  114  6:45  Drone  
  114  6:46  Drone  
  112  6:49  Drone x2  
  112  6:52  Roach x3, Zergling x2  
  119  7:00  Hatchery  
  117  7:05  Queen  
  117  7:06  Drone  
  120  7:09  Zergling x2, Baneling Nest, Infestation Pit  
  120  7:10  Zergling x10  
  120  7:12  Zergling x2  
  125  7:15  Zergling x2  
  125  7:21  Zergling x10  
  121  7:27  Overlord  
  116  7:37  Roach x3, Zergling x10  
  116  7:41  Drone x2  
  123  7:45  Hive  
  123  7:50  Roach  
  113  7:52  Roach x2  
  113  7:54  Centrifugal Hooks  
  113  7:57  Zergling x6  
  120  8:02  Zerg Melee Weapons Level 2  
  120  8:04  Drone x3  
  120  8:05  Drone x2  
  125  8:06  Drone  
  125  8:07  Hydralisk Den  
  125  8:13  Zergling x8  
  125  8:14  Ravager  
  125  8:16  Zergling x4  
  125  8:17  Zergling x2  
  133  8:23  Zergling x2  
  128  8:27  Zergling x6  
  128  8:31  Drone x2  
  128  8:32  Zergling x2  
  128  8:33  Drone  
  128  8:34  Drone  
  132  8:35  Drone x2  
  132  8:37  Spine Crawler, Zergling x2  
  132  8:38  Zergling x4  
  134  8:42  Drone x3  
  134  8:43  Lurker Den  
  134  8:44  Extractor  
  134  8:48  Zergling x6  
  137  8:52  Zergling x2  
  137  8:53  Hatchery  
  134  8:58  Zergling x6  
  134  9:02  Baneling x8  
  137  9:03  Zergling x2  
  137  9:08  Zergling x10  
  137  9:09  Zergling x2  
  126  9:10  Zergling x8  
  126  9:12  Roach  
  126  9:15  Roach  
  131  9:29  Zergling x8  
  133  9:35  Drone x5  
  129  9:41  Hydralisk x5, Seismic Spines  
  129  9:42  Zergling x6  
  142  9:47  Hydralisk, Zergling x2  
  142  9:48  Overseer  
  142  9:51  Zergling x8  
  142  9:52  Overlord  
  149  9:58  Zergling x4  
  151  10:02  Overlord  
  151  10:11  Lurker x3  
  149  10:14  Zergling x22  
  149  10:19  Lurker  
  149  10:20  Lurker  
  162  10:22  Drone  
  162  10:23  Drone x4  
  162  10:25  Drone x4  
  171  10:31  Zergling x4  
  171  10:34  Zergling x2  
  171  10:35  Overlord x3  
  174  10:40  Overlord  
  173  10:48  Adaptive Talons  
  173  10:52  Overlord  
  173  10:55  Zergling x10  
  173  10:56  Zergling x6  
  179  10:57  Zergling x4  
  179  11:02  Zergling x6  
  164  11:11  Zergling x2  
  164  11:12  Zergling x8  
  164  11:13  Queen  
  164  11:16  Baneling x7  
  164  11:17  Hydralisk x4  
  164  11:18  Zergling x2  
  177  11:19  Lurker  
  177  11:20  Drone x4  
  177  11:23  Drone x2  
  177  11:24  Queen  
  186  11:25  Baneling  
  186  11:26  Baneling x5  
  186  11:27  Zergling x2  
  186  11:30  Hydralisk x2, Zergling x2  
  186  11:32  Zergling x4  
  194  11:35  Zergling x2  
  194  11:38  Zergling x2  
  195  11:43  Lurker x2  
  195  11:45  Overlord  
Tags
 
Add a new tag
Caveats
  • Supply blocks, unpowered buildings, or Contaminate may cause inaccurate times.
  • Supply counts are checked every 10 seconds.